 Dungeon Crawl Stone Soup version 0.30-a0-365-ge7f957f1db (webtiles) character file.

Game seed: 17077503751653179568

276 brouguemayhem the Trooper (level 6, -1/55 HPs)
             Began as a Minotaur Berserker on Nov 16, 2022.
             Was a Priest of Trog.
             Slain by a gnoll
             ... wielding a +0 halberd
             ... led by a gnoll bouda
              (5 damage)
             ... on level 4 of the Dungeon.
             The game lasted 00:11:06 (3612 turns).

brouguemayhem the Trooper (Minotaur Berserker)      Turns: 3612, Time: 00:11:07

Health: -1/55      AC: 10    Str: 21    XL:     6   Next: 4%
Magic:  14/14      EV:  9    Int:  4    God:    Trog [***...]
Gold:   202        SH:  5    Dex: 17    Spells: 5/5 levels left

rFire   . . .      SeeInvis .    q - +0 morningstar
rCold   . . .      Faith    .    (no shield)
rNeg    . . .      Spirit   .    u - +1 chain mail "Guit" {Will+ Dex+5}
rPois   .          Reflect  +    (helmet restricted)
rElec   .          Harm     .    (no cloak)
rCorr   +          Rampage  .    (no gloves)
Will    +....                    (no boots)
Stlth   ..........               r - amulet of reflection
HPRegen 0.29/turn                i - ring of resist corrosion
MPRegen 0.14/turn                p - ring of magical power

@: no status effects
A: horns 2, retaliatory headbutt
a: Renounce Religion, Berserk, Trog's Hand


You were on level 4 of the Dungeon.
You worshipped Trog.
Trog was most pleased with you.
You visited 1 branch of the dungeon, and saw 4 of its levels.

You collected 228 gold pieces.
You spent 26 gold pieces at shops.

Inventory:

Hand Weapons
 a - a +0 hand axe
 n - a +2 mace of draining
 q - a +0 morningstar (weapon)
Missiles
 e - 33 stones (quivered)
Armour
 g - a +0 plate armour
 u - the +1 chain mail "Guit" (worn) {Will+ Dex+5}
   (You found it on level 3 of the Dungeon)

   Dex:       It affects your dexterity (+5).
   Will:      It increases your willpower.
Jewellery
 i - a ring of resist corrosion (left hand)
 p - a ring of magical power (right hand)
 r - an amulet of reflection (around neck)
Scrolls
 b - a scroll of identify
 c - a scroll of vulnerability {unknown}
 h - 3 scrolls of blinking {unknown}
 l - 2 scrolls of magic mapping
 m - a scroll of teleportation
 o - 2 scrolls of poison
 s - a scroll of immolation {unknown}
 t - a scroll of torment {unknown}
 v - a scroll of amnesia {unknown}
 w - a scroll of fear {unknown}
Potions
 d - 2 potions of haste
 f - a potion of lignification {unknown}
 j - a potion of curing {unknown}
 k - a potion of resistance {unknown}
 x - a potion of heal wounds {unknown}


   Skills:
 + Level 4.9 Fighting
 - Level 4.3(5.2) Axes
 * Level 4.4(5.3) Maces & Flails
 + Level 0.1 Throwing
 + Level 3.8 Armour
 + Level 2.6 Dodging
 + Level 0.4 Stealth
 + Level 0.4 Shields


You had 5 spell levels left.
You didn't know any spells.
Your spell library was empty.

Dungeon Overview and Level Annotations

Branches:
Dungeon (4/15)
 Temple: D:4-7

Altars:
Cheibriados
Trog
Vehumet
Xom
Yredelemnul

Shops:
D:3 ?


Innate Abilities, Weirdness & Mutations

You have a pair of horns on your head.
You reflexively headbutt those who attack you in melee.


Message History

The gnoll bouda is heavily wounded.
You block the gnoll's attack. The gnoll hits you but does no damage.
The gnoll bouda misses you. You furiously retaliate!
You headbutt the gnoll bouda!
You kill the gnoll bouda!
Trog accepts your kill.
You have reached level 6!
You hit the gnoll but do no damage. Your punch misses the gnoll.
The gnoll hits you from afar with a +0 halberd!
The gnoll closely misses you.
You closely miss the ball python.
The gnoll hits you from afar with a +0 halberd!
You block the ball python's attack. The ball python closely misses you.
The gnoll hits you from afar with a +0 halberd.
* * * LOW HITPOINT WARNING * * *
The gnoll barely misses you.
You closely miss the ball python.
The ball python bites you but does no damage.
The ball python grabs you. The ball python constricts you.
You block the gnoll's attack. The gnoll hits you but does no damage.
The gnoll hits you with a +0 club.
* * * LOW HITPOINT WARNING * * *
The gnoll barely misses you. You block the ball python's attack.
The ball python constricts you.
* * * LOW HITPOINT WARNING * * *
You sock the ball python!
You kill the ball python!
Trog accepts your kill.
The gnoll is no longer moving quickly.
The gnoll closely misses you. The gnoll hits you but does no damage.
You block the gnoll's attack. The gnoll hits you but does no damage.
You hit the gnoll but do no damage. You headbutt the gnoll.
The gnoll is heavily wounded.
You block the gnoll's attack. The gnoll barely misses you.
The gnoll hits you from afar with a +0 halberd!
* * * LOW HITPOINT WARNING * * *
The gnoll hits you with a +0 flail.
* * * LOW HITPOINT WARNING * * *
The gnoll hits you from afar with a +0 halberd.
You die...

####....#########....##
###.#.# #.#.## #...#.#
##.### ##.###.# #...##
#..######## #....#
#...# #...## #....# .
#...##.....## ####.#
....#..g#g......# #.# #
....'...g@†..?..# #.# #
....#..g#.......# #.# #
. #...##.....## #.# #
#...# #...## #.###
#...# #### #.... #...#
##### #...# # #...# ##
+...+ #.


You could see 4 gnolls.

Vanquished Creatures
  A black bear (D:4)
  A gnoll bouda (D:4)
  2 orc wizards
  3 adders
  7 orcs
  6 bats
  3 endoplasms
  3 giant cockroaches
  5 goblins
  2 hobgoblins
  11 jackals
  2 quokkas
  10 ball pythons
  4 frilled lizards
  8 kobolds
  7 rats
75 creatures vanquished.

Notes
Turn   | Place    | Note
-------+----------+-------------------------------------------
     0 | D:1      | brouguemayhem the Minotaur Berserker began the quest for
                  | the Orb.
     0 | D:1      | Reached XP level 1. HP: 19/19 MP: 0/0
    75 | D:1      | Reached XP level 2. HP: 26/27 MP: 1/1
  1086 | D:1      | Reached ** piety under Trog
  1381 | D:1      | Reached XP level 3. HP: 33/33 MP: 2/2
  2029 | D:2      | Found a shimmering altar of Xom.
  2249 | D:2      | You fall into a shaft and drop 1 floor!
  2378 | D:3      | Found Casar's Magic Scroll Shoppe.
  2432 | D:3      | Reached skill level 1 in Maces & Flails
  2432 | D:3      | Reached XP level 4. HP: 40/41 MP: 3/3
  2439 | D:3      | Bought a scroll of identify for 26 gold pieces
  2869 | D:3      | Identified the +1 chain mail "Guit" {Will+ Dex+5}
  3018 | D:3      | Found a radiant altar of Vehumet.
  3208 | D:4      | Found a basalt altar of Yredelemnul.
  3234 | D:4      | Found a snail-covered altar of Cheibriados.
  3337 | D:4      | Reached *** piety under Trog
  3338 | D:4      | Reached XP level 5. HP: 46/47 MP: 4/4
  3404 | D:4      | Found a bloodstained altar of Trog.
  3597 | D:4      | Noticed a black bear
  3606 | D:4      | Killed a black bear
  3608 | D:4      | Reached XP level 6. HP: 37/55 MP: 5/5
  3612 | D:4      | Slain by a gnoll

Illustrated notes

Levels and vault maps discovered:
D:1:      eino_arrival_water_star, layout_basic, nrook_loot_triangle,
          minmay_pentomino_r4
D:2:      layout_loops_ring, basic_altar
D:3:      minmay_general_purpose_star, layout_loops_cross,
          mainiacjoe_overflow_small_starburst, serial_shops, shop_fountains
D:4:      kennysheep_six_static_rooms, layout_loops_corners,
          trog_three_pillars_becter, mainiacjoe_overflow_catch_the_wave,
          uniq_duvessa

Skill      XL: |  1  2  3  4  5 |
---------------+----------------+-----
Axes           | 4 |  4.3
Fighting       | 4 |  4.9
Armour         | 3 |  3.8
Maces & Flails | 1 2 4 |  4.4
Throwing       | |  0.1
Dodging        | |  2.6
Stealth        | |  0.4
Shields        | |  0.4

Action                   |  1- 3 |  4- 6 || total
-------------------------+-------+-------++-------
Melee: Hand axe          |    55 |       ||    55
       Headbutt          |     7 |     7 ||    14
       Mace              |    15 |    20 ||    35
       Morningstar       |       |    53 ||    53
Throw: Stone             |     8 |       ||     8
  Use: Scroll            |     1 |     3 ||     4
 Stab: Held in net/web   |       |     1 ||     1
Armor: Ring mail         |     2 |       ||     2
       Animal skin       |     1 |       ||     1
       Plate armour      |    19 |    10 ||    29
       Chain mail        |       |    23 ||    23
Dodge: Dodged            |    43 |    40 ||    83
Block: Other             |       |    18 ||    18

Table legend: (Time is in decaauts)
 A = Elapsed time spent in this place.
 B = Non-inter-level travel time spent in this place.
 C = Inter-level travel time spent in this place.
 D = Time resting spent in this place.
 E = Time spent auto-exploring this place.
 F = Levels seen in this place.
 G = Mean time per level.
                   A        B        C        D        E       F      G
               +--------+--------+--------+--------+--------+-----+--------+
         Total |   3641 |   3319 |    322 |   1041 |   1791 |   4 |  910.2 |
       Dungeon |   3641 |   3319 |    322 |   1041 |   1791 |   4 |  910.2 |
               +--------+--------+--------+--------+--------+-----+--------+

Top non-repeatable levels by time:
     D:1: 1959 daAuts
     D:3: 961 daAuts
     D:4: 422 daAuts
     D:2: 296 daAuts
